 Dungeon Crawl Stone Soup version 0.31.0-32-g396128a36d (webtiles) character file.

Game seed: 3308785325232865098

2376 KittyFluff the Changeling (level 9, -2/84 HPs)
             Began as a Troll Shapeshifter on Apr 12, 2024.
             Succumbed to a killer bee's poison
             ... on level 6 of the Dungeon.
             The game lasted 00:25:53 (5281 turns).

KittyFluff the Changeling (Troll Shapeshifter)      Turns: 5281, Time: 00:25:53

Health: -2/84      AC:  7    Str: 28    XL:     9   Next: 21%
Magic:  8/8        EV: 11    Int:  6    God:
Gold:   403        SH:  0    Dex: 15    Spells: 7/8 levels left

rFire   . .          .
                       - Unarmed
rCold   . . .        (no shield)
rNeg    + . .        P - +0 steam dragon scales
rPois   .            (helmet currently unavailable)
rElec   .            (cloak currently unavailable)
rCorr   .            (gloves unavailable)
SInv    .            (boots unavailable)
Will    .....        (no amulet)
Stlth   +            J - ring of positive energy
HPRegen 1.14/turn    K - +6 ring of dexterity
MPRegen 0.11/turn

%: no passive effects
@: lethally poisoned (-2 -> -23), beast-form
A: beast (slay +4), large, unfitting armour, claws 3, regeneration 1, shaggy fur
1, tough skin 1
a: Begin Untransformation


You were on level 6 of the Dungeon.
You were a hulking beast.
You visited 1 branch of the dungeon, and saw 7 of its levels.

You collected 403 gold pieces.

Inventory:

Hand Weapons
 e - a +1 dagger of electrocution
 m - a +0 hand axe
 w - a +0 trident
 x - a +0 mace
 B - a +0 sling
 G - a +0 quarterstaff
 I - a +4 whip
 L - a +0 heavy spear
 M - a +0 war axe of flaming
Missiles
 f - 47 stones (quivered)
 p - 2 boomerangs
 F - 8 poisoned darts
Armour
 P - +0 steam dragon scales (worn)
Magical Staves
 u - a staff of cold
Jewellery
 J - a ring of positive energy (left claw)
 K - a +6 ring of dexterity (right claw)
Talismans
 c - a beast talisman
 d - a flux talisman
Wands
 y - a wand of paralysis (13)
Scrolls
 h - 4 scrolls of blinking
 i - a scroll of fear {unknown}
 j - 2 scrolls of silence {unknown}
 k - a scroll of vulnerability {unknown}
 q - 2 scrolls of poison {unknown}
 r - 2 scrolls of fog {unknown}
 z - 3 scrolls of teleportation {unknown}
 C - a scroll of butterflies {unknown}
 E - 3 scrolls of immolation {unknown}
 N - a scroll of enchant armour {unknown}
Potions
 a - 2 potions of curing {unknown}
 b - 2 potions of lignification
 g - 2 potions of invisibility
 l - a potion of might
 n - a potion of mutation
 s - a potion of ambrosia {unknown}
 t - a potion of berserk rage {unknown}
 v - 2 potions of brilliance
 A - a potion of resistance
 D - 4 potions of haste
 H - a potion of enlightenment {unknown}
 O - a potion of heal wounds {unknown}


   Skills:
 + Level 4.1 Fighting
 + Level 4.5 Throwing
 + Level 4.4 Dodging
 + Level 5.7 Unarmed Combat
 * Level 7.2 Shapeshifting


You had 7 spell levels left.
You knew the following spells:

 Your Spells              Type           Power      Damage    Failure   Level
a - Apportation           Tloc           0%         N/A       45%         1

Your spell library contained the following spells:

 Spells                   Type           Power      Damage    Failure   Level
 Slow                     Hex            0%         N/A       45%         1
 Summon Small Mammal      Summ           0%         N/A       45%         1
 Ensorcelled Hibernation  Hex/Ice        0%         N/A       58%         2
 Jinxbite                 Hex            0%         N/A       58%         2
 Call Canine Familiar     Summ           0%         N/A       83%         3
 Confusing Touch          Hex            0%         N/A       83%         3
 Dazzling Flash           Conj/Hex       0%         N/A       83%         3
 Fugue of the Fallen      Necr           0%         N/A       83%         3
 Mephitic Cloud           Conj/Alch/Air  0%         N/A       83%         3
 Sigil of Binding         Hex            0%         N/A       83%         3
 Vampiric Draining        Necr           0%         2d6       83%         3
 Anguish                  Hex/Necr       0%         N/A       99%         4
 Manifold Assault         Tloc           0%         N/A       99%         4
 Summon Blazeheart Golem  Fire/Summ      0%         N/A       99%         4
 Alistair's Intoxication  Alch           0%         N/A       100%        5
 Curse of Agony           Necr           0%         N/A       100%        5
 Silence                  Hex/Air        0%         N/A       100%        5
 Yara's Violent Unravell  Hex/Alch       0%         3d3       100%        5
 Dispersal                Tloc           0%         N/A       100%        6
 Enfeeble                 Hex            0%         N/A       100%        7
 Haunt                    Necr/Summ      0%         N/A       100%        7
 Borgnjor's Revivificati  Necr           0%         N/A       100%        8
 Disjunction              Tloc           0%         N/A       100%        8
 Death's Door             Necr           0%         N/A       100%        9


Dungeon Overview and Level Annotations

Branches:
Dungeon (7/15)
 Temple: D:4-7

Altars:
Vehumet

Shops:
D:1 [   D:6 (


Innate Abilities, Weirdness & Mutations

You are a hulking beast.
Your limbs bulge with bestial killing power. (Slay +4)
You are too large for most types of armour.
You have claws for hands.
Your natural rate of healing is unusually fast.
You are covered in fur. (AC +1)
You have tough skin. (AC +1)


Message History

The killer bee stings you but does no damage.
The killer bee stings you. The killer bee closely misses you.
The killer bee stings you.
You feel very sick.
The killer bee attacks as it pursues you!
The killer bee stings you but does no damage.
The killer bee attacks as it pursues you!
The killer bee closely misses you. The killer bee barely misses you. x2
The killer bee misses you.
You feel sick.
The killer bee attacks as it pursues you!
The killer bee barely misses you.
The killer bee attacks as it pursues you!
The killer bee closely misses you. The killer bee misses you.
The killer bee stings you!
You feel sick.
The killer bee stings you but does no damage.
The killer bee stings you. The killer bee barely misses you.
The killer bee stings you.
You feel sick. The killer bee closely misses you. The killer bee stings you!
* * * LOW HITPOINT WARNING * * *
The killer bee stings you.
* * * LOW HITPOINT WARNING * * *
There is a stone staircase leading up, spattered with blood here.
You feel sick.
The killer bee stings you but does no damage.
The killer bee closely misses you. The killer bee stings you!
* * * LOW HITPOINT WARNING * * *
You are more poisoned.
The killer bee poisons you! The killer bee closely misses you.
The killer bee stings you.
* * * LOW HITPOINT WARNING * * *
You are lethally poisoned!
The killer bee poisons you! The killer bee barely misses you.
The killer bee stings you.
* * * LOW HITPOINT WARNING * * *
You are more poisoned.
The killer bee poisons you! The killer bee barely misses you.
You climb upwards.
You die...

##.# ##8.....8## ##.......#
...#####.....## ##......#..
......###8.8####### ###....######
...##.# ##'##.....###....### ##
...##.# #..............## #.
...##.# ##............## #.
.#.##.######.........### #.
.#.##..........y..######## ##
.#.#########....hy.# #..## ##
.#.# ##...y.y.# ##.#.## #. ...##
##...#.######..##.## #. ....#
##.....## #....##.# #. ....#
##.......# ##...#.## #.
....####.........####.....######.
.......'.........+....#..........
....####.........###.###.#######.
##..# ##.......###.## ##.# #.


You could see 4 killer bees.

Vanquished Creatures
  Maggie (D:7)
  4 yaks (D:6)
  A steam dragon (D:7)
  2 water moccasins
  2 ice beasts (D:6)
  An ogre (D:5)
  Blork the orc (D:6)
  A kobold brigand (D:6)
  2 bullfrogs (D:6)
  A scorpion (D:6)
  A howler monkey (D:6)
  4 orc priests
  A hound (D:4)
  2 jellies (D:5)
  An iguana (D:4)
  An orc wizard (D:6)
  8 gnolls
  10 adders
  A shadow imp (D:6)
  A white imp (D:6)
  2 ufetubi (D:6)
  A dart slug (D:1)
  A ribbon worm (D:2)
  23 orcs
  5 endoplasms
  4 giant cockroaches
  7 goblins
  9 hobgoblins
  7 jackals
  11 kobolds
  5 quokkas
  8 ball pythons
  5 bats
  2 frilled lizards (D:1)
  A rat (D:2)
137 creatures vanquished.

Notes
Turn   | Place    | Note
-------+----------+-------------------------------------------
     0 | D:1      | KittyFluff the Troll Shapeshifter began the quest for the
                  | Orb.
     0 | D:1      | Reached XP level 1. HP: 18/18 MP: 0/0
   177 | D:1      | Found Byso's Armour Shoppe.
   269 | D:1      | Reached skill level 1 in Fighting
   271 | D:1      | Reached XP level 2. HP: 26/27 MP: 1/1
   789 | D:2      | Reached XP level 3. HP: 33/33 MP: 2/2
   813 | D:2      | Reached skill level 1 in Throwing
   864 | D:2      | Reached XP level 4. HP: 41/41 MP: 3/3
  1632 | D:2      | Reached XP level 5. HP: 36/49 MP: 4/4
  1809 | D:3      | Reached skill level 4 in Shapeshifting
  2267 | D:4      | Learned a level 1 spell: Apportation
  2652 | D:5      | Entered Level 5 of the Dungeon
  2657 | D:4      | Reached XP level 6. HP: 44/57 MP: 5/5
  3867 | D:6      | Reached XP level 7. HP: 42/66 MP: 6/6
  3989 | D:6      | Reached skill level 5 in Shapeshifting
  4534 | D:6      | Reached XP level 8. HP: 68/75 MP: 7/7
  4633 | D:6      | Found Recresa's Antique Weapon Shop.
  4653 | D:6      | Noticed Blork the orc
  4669 | D:6      | Killed Blork the orc
  4713 | D:6      | Reached skill level 6 in Shapeshifting
  4860 | D:6      | Reached skill level 5 in Unarmed Combat
  5137 | D:7      | Found a radiant altar of Vehumet.
  5138 | D:7      | Noticed Maggie
  5155 | D:7      | Killed Maggie
  5156 | D:7      | Reached skill level 7 in Shapeshifting
  5156 | D:7      | Reached XP level 9. HP: 60/84 MP: 8/8
  5281 | D:6      | Succumbed to a killer bee's poison

Illustrated notes

Levels and vault maps discovered:
D:1:      co_arrival_random_square_maze, layout_loops_cross, serial_shops,
          nicolae_shop_waterfront, kennysheep_nondescript, minmay_vboxes
D:2:      minmay_door_path, layout_rooms, hangedman_abyss_or_decor_stabs,
          minmay_unequal
D:3:      layout_basic
D:4:      layout_rooms, minmay_misc_feat_roman, serial_bayou_crossing
D:5:      corexii_shack_village, layout_layer_cave, kennysheep_boxes
D:6:      layout_loops_corners, serial_shops, nicolae_square_shop,
          corner_web_ring, columned_hall_lemuel, dk_noncrumbling_4,
          eino_curves_02, grunt_ministairs_15, st_stairs_11, uniq_blork_the_orc
D:7:      layout_cave_pools, nicolae_dithmenos_through_a_glass_darkly,
          fiery_altar_vehumet, minmay_temple_entry_statues_pillars,
          serial_shops, nicolae_shop_hallway_stairs,
          nicolae_houndstooth_variations, uniq_maggie

Skill      XL: |  1  2  3  4  5  6  7  8 |
---------------+-------------------------+-----
Fighting       | 1 2 3 4 |  4.1
Dodging        | 2 3 4 |  4.4
Throwing       | 1 2 3 4 |  4.5
Shapeshifting  | 4 5 7 |  7.2
Unarmed Combat | 4 5 |  5.7

Action                     |  1- 3 |  4- 6 |  7- 9 || total
---------------------------+-------+-------+-------++-------
  Melee: Unarmed           |    59 |   147 |   136 ||   342
         Punch             |     1 |     3 |     4 ||     8
  Throw: Stone             |       |    16 |     6 ||    22
    Use: Scroll            |       |     8 |       ||     8
   Stab: Sleeping          |       |       |     2 ||     2
 Armour: Animal skin       |    26 |       |       ||    26
         Robe              |     4 |    77 |    85 ||   166
         Steam dragon scal |       |       |    24 ||    24
  Dodge: Dodged            |    21 |    66 |    80 ||   167
